 Dungeon Crawl Stone Soup version 0.18-a0-1311-g779ca93 (webtiles) character file.

130 ThermosAquaticus the Vexing (level 4, -13/18 HPs)
             Began as a Felid Enchanter on Feb 13, 2016.
             Killed by divine providence
             ... invoked by an orc priest
              (16 damage)
             ... on level 4 of the Dungeon.
             The game lasted 00:14:02 (4132 turns).

ThermosAquaticus the Vexing (Felid Enchanter)       Turns: 4132, Time: 00:14:03

Health: -13/18     AC:  1    Str:  4    XL:     4   Next: 90%
Magic:  6/8        EV: 18    Int: 18    God:
Gold:   215        SH:  0    Dex: 16    Spells: 3 memorised, 1 level left
                                        Lives:  0   Deaths: 1

rFire  . . .     SeeInvis +       - Unarmed
rCold  . . .     Gourm    .     (armour unavailable)
rNeg   . . .     Faith    .     (shield unavailable)
rPois  .         Spirit   .     (helmet unavailable)
rElec  .         Dismiss  .     (cloak unavailable)
rCorr  .         Reflect  .     (gloves unavailable)
SustAt .         Harm     +     (boots unavailable)
MR     .....                    m - amulet of harm
Stlth  +++.......               (no ring)
                                (no ring)

@: quick, not resistant to hostile enchantments, fairly stealthy
A: no armour, no weapons or thrown items, claws 1, fangs 3, see invisible,
carnivore 3, speed 1, shaggy fur 1, slow metabolism 1, sharp paws
a: no special abilities


You were on level 4 of the Dungeon.
You were not hungry.

You visited 1 branch of the dungeon, and saw 4 of its levels.

You collected 215 gold pieces.

Inventory:

Jewellery
 m - an amulet of harm (around neck)
Scrolls
 f - a scroll of magic mapping {unknown}
 i - a scroll of enchant weapon {unknown}
 j - a scroll of remove curse
 k - a scroll of blinking {unknown}
 l - a scroll of identify {unknown}
Potions
 d - a potion of cancellation {unknown}
 e - 2 potions of curing {unknown}
 g - a potion of agility {unknown}
 h - a potion of mutation {unknown}
Books
 a - a book of Maledictions

   Spells                             Type                      Level
   a - Corona                         Hexes                        1
   b - Ensorcelled Hibernation        Hexes/Ice                    2
   c - Confuse                        Hexes                        3
   d - Tukima's Dance                 Hexes                        3
   e - Dazzling Spray                 Conjuration/Hexes            3
Comestibles
 b - a meat ration
 c - a slice of pizza
 n - a beef jerky


   Skills:
 - Level 2.6 Dodging
 - Level 4.0 Stealth
 - Level 4.0 Unarmed Combat
 - Level 2.0 Spellcasting
 + Level 6.3 Hexes
 + Level 2.4 Ice Magic


You had one spell level left.
You knew the following spells:

 Your Spells              Type           Power        Failure   Level  Hunger
a - Corona                Hex            ###....      1%          1    #......
b - Ensorcelled Hibernat  Hex/Ice        ###...       6%          2    ###....
c - Confuse               Hex            ###.....     4%          3    ###....


Dungeon Overview and Level Annotations

Branches:
Dungeon (4/15)
 Temple: D:4-7

Altars:
Dithmenos

Annotations:
D:4 Pikel


Innate Abilities, Weirdness & Mutations

You cannot wear armour.
You are incapable of wielding weapons or throwing items.
You have sharp claws.
You have razor-sharp teeth.
You have supernaturally acute eyesight.
You are carnivorous and can eat meat at any time.
You cover ground quickly.
You are covered in fur (AC +1).
You have a slow metabolism.
Your sharp claws are effective at attacking unaware monsters.


Message History

The orc priest shouts!
An orc comes into view.
The orc priest mumbles some strange prayers to Beogh against you.
Pain shoots through your body!
Ouch! That really hurt!
* * * LOW HITPOINT WARNING * * *
Casting: Confuse
Confirm with . or Enter, or press ? or * to list all spells.
Aiming: Ensorcelled Hibernation
Press: ? - help, Shift-Dir - straight line, f - orc priest
Aim: an orc priest, wielding a dagger (chance to defeat MR: 48%)
The orc priest looks drowsy...
The orc shouts!
The orc priest shouts!
The orc priest closely misses you.
You barely miss the orc priest.
The orc priest invokes the aid of Beogh against you.
Something smites you!
Ouch! That really hurt!
You die...

### #.. #.# #o# #o#
####### #.#
#######<.....
###### #.#
#........####
#....# #@#
#........####
#....# #.#
#............
#....# #.#
#........###.
#....# #.#
#............
##....#### #[#
#.........##.
.........# #.#
#.........##.
##.......# #.#
#............
#.......#
##.####............
###.....#
#.....'..........#.


You could see an orc priest and an orc.

Vanquished Creatures
  A scorpion (D:4)
  An orc wizard (D:3)
  A centaur skeleton (D:4)
  3 adders (D:2)
  3 worms (D:3)
  6 giant geckos
  16 orcs (D:3)
  A bat zombie (D:1)
  5 giant cockroaches
  7 goblins
  9 hobgoblins
  2 jackals (D:2)
  3 quokkas
  2 ball pythons
  A ball python skeleton (D:4)
  9 bats
  A giant cockroach zombie (D:1)
  2 giant newts
  16 kobolds
  2 rats
91 creatures vanquished.

Notes
Turn   | Place    | Note
--------------------------------------------------------------
     0 | D:1      | ThermosAquaticus the Felid Enchanter began the quest for the Orb.
     0 | D:1      | Reached XP level 1. HP: 7/7 MP: 4/4
   287 | D:1      | Reached XP level 2. HP: 11/11 MP: 6/6
   294 | D:1      | Learned a level 2 spell: Ensorcelled Hibernation
  1151 | D:2      | Reached XP level 3. HP: 14/14 MP: 4/7
  1506 | D:2      | Reached XP level 4. HP: 18/18 MP: 4/8
  2304 | D:3      | Reached skill level 5 in Hexes
  2422 | D:3      | Reached skill level 1 in Ice Magic
  2422 | D:3      | Reached XP level 5. HP: 21/21 MP: 0/9
  2802 | D:3      | Learned a level 3 spell: Confuse
  3098 | D:3      | Found a shadowy altar of Dithmenos.
  3579 | D:4      | Noticed a slave
  3580 | D:4      | Noticed a slave
  3582 | D:4      | Noticed Pikel
  3582 | D:4      | Noticed a slave
  3689 | D:4      | Reached skill level 6 in Hexes
  3950 | D:4      | Noticed a slave
  3991 | D:4      | Killed from afar by Pikel
  3992 | D:4      | Reached XP level 4. HP: -6/18 MP: 2/8
  4132 | D:4      | Killed from afar by an orc priest

Vault maps used:
D:1:      saegor_arrival_fortress
D:3:      lemuel_doored_altar, first_bread
D:4:      uniq_pikel

Action                   |  1- 3 |  4- 6 || total
-------------------------+-------+-------++-------
Melee: Unarmed           |    69 |   116 ||   185
 Cast: Corona            |     8 |       ||     8
       Ensorcelled Hiber |     9 |    33 ||    42
       Confuse           |       |     7 ||     7
  Use: Scroll            |       |     1 ||     1
 Stab: Sleeping          |    22 |    32 ||    54
       Distracted        |     1 |     2 ||     3
       Confused          |       |     1 ||     1
  Eat: Chunk             |     9 |     8 ||    17
